 Dungeon Sprint DCSS version 0.30-a0-305-g026cb31310 (webtiles) character file.

Game seed: 159036772686355047

281933 mhtbhm the Bludgeoner (level 13, 143/143 HPs)
             Began as an Armataur Berserker on Oct 23, 2022.
             Was the Champion of Trog.
             Escaped with the Orb!
             The game lasted 00:14:22 (4895 turns).

mhtbhm the Bludgeoner (Armataur Berserker)          Turns: 4895, Time: 00:14:22

Health: 143/143    AC: 43    Str: 33    XL:     13   Next: 7%
Magic:  13/13      EV: 16    Int: 13    God:    Trog [******]
Gold:   3154       SH:  0    Dex: 13    Spells: 12/12 levels left

rFire   + + .      SeeInvis .    a - +4 great mace (flame)
rCold   + . .      Faith    .    (shield currently unavailable)
rNeg    . . .      Spirit   .    C - +4 plate armour {rC+}
rPois   .          Reflect  .    E - +2 helmet of Tenacity {-Tele rF++ Dex+4}
rElec   +          Harm     .    s - +2 cloak
rCorr   .          Roll     +    F - +0 pair of gloves {Str+3}
Will    .....      NoTele   +    j - +6 lightning scales {swift, rElec}
Stlth   ..........               p - amulet "Pontuaph" {Regen+ Str+3 Dex+2}
HPRegen 1.23/turn                l - +4 ring of evasion
MPRegen 0.13/turn                n - ring "Itoydaet" {*Corrode Fly EV+4 Int+4}

@: flying, quick
A: large, rugged brown scales 3, deformed body, armoured tail, roll, long
tongue, awkward tongue, clumsy 1, sense surroundings 1, screaming 1, MP-powered
wands
0: Orb of Zot
a: Renounce Religion, Berserk, Trog's Hand, Brothers in Arms


You escaped.
You worshipped Trog.
Trog was exalted by your worship.
You visited 1 branch You collected 6452 gold pieces.
You spent 3298 gold pieces at shops.

Inventory:

Hand Weapons
 a - a +4 great mace of flaming (weapon)
Missiles
 h - a curare-tipped dart (quivered)
Armour
 b - a +3 chain mail of fire resistance
 j - the +6 lightning scales (worn) {swift, rElec}
   (You acquired it in the Dungeon)

   It allows the wearer to cover ground more swiftly.
   rElec:     It insulates you from electricity.
 r - the +4 barding of the Hot Ocelot {Slay+3}
   (You acquired it in the Dungeon)

   Slay:      It affects your accuracy & damage with ranged weapons and melee
   (+3).
 s - a +2 cloak (worn)
 t - a +0 helmet of intelligence
 C - a +4 plate armour of cold resistance (worn)
 E - the +2 helmet of Tenacity (worn) {-Tele rF++ Dex+4}
   (You found it in the Dungeon)

   Dex:       It affects your dexterity (+4).
   rF:        It greatly protects you from fire.
   -Tele:     It prevents most forms of teleportation.
 F - a +0 pair of gloves of strength (worn)
Jewellery
 c - a ring of flight
 l - a +4 ring of evasion (left hand)
 n - the ring "Itoydaet" (right hand) {*Corrode Fly EV+4 Int+4}
   (You took it off a deep elf master archer in the Dungeon)

   [ring of evasion]

   EV:        It affects your evasion (+4).
   Int:       It affects your intelligence (+4).
   Fly:       It grants you flight.
   *Corrode:  It may corrode you when you take damage.
 p - the amulet "Pontuaph" (around neck) {Regen+ Str+3 Dex+2}
   (You acquired it in the Dungeon)

   [amulet of regeneration]

   Str:       It affects your strength (+3).
   Dex:       It affects your dexterity (+2).
   Regen:     It increases your rate of health regeneration.
 B - the ring "Foxzim" {rElec rF- EV+4 Int+2}
   (You found it in the Dungeon)

   [ring of evasion]

   EV:        It affects your evasion (+4).
   Int:       It affects your intelligence (+2).
   rF:        It makes you vulnerable to fire.
   rElec:     It insulates you from electricity.
Wands
 i - a wand of iceblast (9)
 m - a wand of charming (6)
Scrolls
 o - a scroll of vulnerability
 u - a scroll of poison
 v - a scroll of immolation
 A - 2 scrolls of identify
Potions
 d - a potion of heal wounds
 e - a potion of haste
 f - 2 potions of magic
 g - a potion of berserk rage
 k - 4 potions of curing
 q - 3 potions of attraction
 w - a potion of ambrosia
 z - a potion of invisibility
Miscellaneous
 D - a tin of tremorstones (2/2)


   Skills:
 + Level 18.0 Fighting
 + Level 19.4 Maces & Flails
 + Level 1.7 Throwing
 + Level 19.1 Armour
 + Level 8.2 Dodging
 + Level 3.9 Stealth
 + Level 6.1 Evocations


You had 12 spell levels left.
You didn't know any spells.
Your spell library was empty.

Dungeon Overview and Level Annotations

Branches:
Dungeon (1/1)

Altars:
Cheibriados
Dithmenos
Elyvilon
Fedhas
Gozag
Hepliaklqana
Kikubaaqudgha
Makhleb
Nemelex Xobeh
Okawaru
Qazlal
Ru
Sif Muna
Trog
Uskayaw
Vehumet
Wu Jian
Xom
Yredelemnul
Zin
The Shining One
Jiyva
Lugonu

Shops:
D [(((=*=?([(:!=?*[![[(*

Annotations:
D Tiamat


Innate Abilities, Weirdness & Mutations

You are completely covered in rugged brown scales. (AC +3, +7% HP)
Armour fits poorly on your strangely shaped body.
You have a long armoured tail.
You roll when moving toward enemies. (Rampage)
Your long tongue fully drains potion bottles. (2x potion effects)
Your tongue gives you trouble enunciating. (1.5x scroll delay)
You are clumsy. (Dex -2)
You passively map a small area around you.
You occasionally shout uncontrollably at your foes.
You expend magic power (3 MP) to strengthen your wands.


Message History

Things that are here:
a +1 great sword of flaming; a +2 great sword of flaming; a +0 great sword of flaming You start putting on your armour.
You continue putting on the +2 helmet of Tenacity {-Tele rF++ Dex+4}. x4
You finish putting on the +2 helmet of Tenacity {-Tele rF++ Dex+4}.
You feel agile.
Unknown command.
You see here a +1 great sword of flaming.
You see here a +4 antimagic flail.
You see here a +1 antimagic dire flail.
You see here a +0 mace.
There is an open door here.
There is an open door here.
You see here a +3 short sword.
A hellion comes into view.
There is an open door, spattered with blood here.
You see here a +1 antimagic flail.
The hellion moves out of view.
You see here a +0 lajatang.
You see here a potion of brilliance.
There is an open door here.
Really fly into a travel-excluded area? [Y]es or [N]o only, please.
Really fly into a travel-excluded area?
You see here a +0 morningstar.
There is an open door here.
There is an open door, spattered with blood here.
There is an open door here.
There is an open door here.
There is an open door here.
Things that are here:
a +0 robe; a +0 scythe
There is an open door, spattered with blood here.
There is an open door here.
You see here a +0 giant club.
There is an open door, spattered with blood here.
Things that are here:
a +0 leather armour; a +0 club
There is a staircase leading out of the dungeon here.
You have escaped!

##################
#@.#..)..#..'..#__
#..[..#..'[.#..'..
#..#####'#####'#__
#..####..#...#.###
#..#__####..##(#§~
#..#_____##'#_§§~~
#⌠⌠#_.∩...'...§#§§
####_..__##_.#'##'
*,,#_____###'#)#)(


There were no monsters in sight!

Vanquished Creatures
  the Lernaean hydra (D)
  A golden dragon (D)
  A deep elf master archer (D)
  A shadow dragon (D)
  3 fire giants (D)
  A lorocyproca (D)
  A deep elf annihilator (D)
  A mummy priest (D)
  A hydra (D)
  2 centaur warriors (D)
  Sonja (D)
  A deep troll (D)
  A lindwurm (D)
  A shining eye (D)
  2 oklob plants (D)
  2 merfolk sirens (D)
  2 gargoyles (D)
  7 unseen horrors (D)
  2 kobold demonologists (D)
  4 demonic crawlers (D)
  A hellwing (D)
  5 hornets (D)
  A slime creature (D)
  Sigmund (D)
  A yak (D)
  13 hogs (D)
  2 redbacks (D)
  5 floating eyes (D)
  An ogre (D)
  7 necrophages (D)
  8 jellies (D)
  Ijyb (D)
82 creatures vanquished.

Vanquished Creatures (collateral kills)
  A fire giant (D)
  7 shining eyes (D)
  2 floating eyes (D)
10 creatures vanquished.

Vanquished Creatures (others)
  2 ballistomycete spores (D)
2 creatures vanquished.

Grand Total: 94 creatures vanquished

Notes
Turn   | Place    | Note
-------+----------+-------------------------------------------
     0 | D        | mhtbhm the Armataur Berserker began the quest for the Orb.
     0 | D        | Reached XP level 1. HP: 19/19 MP: 1/1
     1 | D        | Noticed Ijyb
     4 | D        | Killed Ijyb
     5 | D        | Reached XP level 2. HP: 28/28 MP: 2/2
    50 | D        | Noticed an ogre
    53 | D        | Killed an ogre
    54 | D        | Reached skill level 5 in Fighting
    54 | D        | Reached XP level 3. HP: 28/39 MP: 3/3
    54 | D        | Reached XP level 4. HP: 34/47 MP: 4/4
   140 | D        | Noticed Sigmund
   146 | D        | Killed Sigmund
   146 | D        | Reached ** piety under Trog
   147 | D        | Reached skill level 5 in Armour
   147 | D        | Reached XP level 5. HP: 55/55 MP: 5/5
   192 | D        | Found an ornate altar of the Wu Jian Council.
   192 | D        | Found a shimmering blue altar of Sif Muna.
   194 | D        | Found a radiant altar of Vehumet.
   198 | D        | Reached XP level 6. HP: 56/64 MP: 6/6
   325 | D        | Found a burning altar of Makhleb.
   325 | D        | Found a viscous altar of Jiyva.
   325 | D        | Found a shimmering altar of Xom.
   325 | D        | Found a corrupted altar of Lugonu.
   325 | D        | Noticed a slime creature
   331 | D        | Killed a slime creature
   398 | D        | Found Xonou's Weapon Emporium.
   398 | D        | Found an ancient bone altar of Kikubaaqudgha.
   398 | D        | Found a hazy altar of Hepliaklqana.
   398 | D        | Found a stormy altar of Qazlal.
   398 | D        | Found a hide-covered altar of Uskayaw.
   398 | D        | Found a blossoming altar of Fedhas.
   398 | D        | Found a bloodstained altar of Trog.
   398 | D        | Found an iron altar of Okawaru.
   398 | D        | Found a basalt altar of Yredelemnul.
   398 | D        | Found a glowing golden altar of the Shining One.
   398 | D        | Found a snail-covered altar of Cheibriados.
   398 | D        | Found a sacrificial altar of Ru.
   398 | D        | Found a glowing silver altar of Zin.
   398 | D        | Found a shadowy altar of Dithmenos.
   398 | D        | Found a white marble altar of Elyvilon.
   398 | D        | Noticed a yak
   407 | D        | Killed a yak
   408 | D        | Reached XP level 7. HP: 41/73 MP: 7/7
   408 | D        | Found an opulent altar of Gozag.
   409 | D        | Found a sparkling altar of Nemelex Xobeh.
   509 | D        | Noticed Sonja
   514 | D        | Killed Sonja
   514 | D        | Reached *** piety under Trog
   515 | D        | Reached skill level 10 in Fighting
   515 | D        | Reached skill level 5 in Dodging
   515 | D        | Reached skill level 1 in Stealth
   515 | D        | Reached XP level 8. HP: 12/84 MP: 8/8
   539 | D        | Found Nimoj's Armour Boutique.
   553 | D        | Bought a +3 chain mail of fire resistance for 344 gold
                  | pieces
   771 | D        | Noticed a deep troll
   780 | D        | Killed a deep troll
   781 | D        | Reached skill level 1 in Evocations
   791 | D        | Found Cawnum's Armour Emporium.
   860 | D        | Noticed a kobold demonologist
   860 | D        | Noticed a kobold demonologist
   865 | D        | Noticed an orange demon
   867 | D        | Noticed an orange demon
   871 | D        | Killed a kobold demonologist
   871 | D        | Reached **** piety under Trog
   872 | D        | Reached XP level 9. HP: 95/95 MP: 9/9
   874 | D        | Killed a kobold demonologist
   944 | D        | Noticed a centaur warrior
   944 | D        | Noticed a centaur warrior
   952 | D        | Killed a centaur warrior
   962 | D        | Killed a centaur warrior
   963 | D        | Reached skill level 1 in Throwing
  1111 | D        | Noticed an oklob plant
  1116 | D        | Killed an oklob plant
  1116 | D        | Reached ***** piety under Trog
  1117 | D        | Reached skill level 10 in Armour
  1117 | D        | Reached XP level 10. HP: 105/105 MP: 10/10
  1447 | D        | Paralysed by a floating eye for 4 turns
  1468 | D        | Received a gift from Trog
  1551 | D        | Reached ****** piety under Trog
  1582 | D        | Found Neuding's Magic Scroll Shoppe.
  1582 | D        | Found Nots's Jewellery Shop.
  1582 | D        | Found Gediyn's Weapon Boutique.
  1584 | D        | Found Coidigg Rumo's Armour Emporium.
  1584 | D        | Found Culeuxzu's Weapon Shop.
  1584 | D        | Found Zaga's Book Shoppe.
  1584 | D        | Found Leaxkuo's Distillery.
  1584 | D        | Found Tarhuoce's Jewellery Emporium.
  1584 | D        | Found Lagox's Magic Scroll Shop.
  1584 | D        | Found Puguahef's General Store.
  1587 | D        | Bought a scroll of acquirement for 728 gold pieces
  1587 | D        | Acquired the +4 barding of the Hot Ocelot {Slay+3}
  1596 | D        | Acquired the +6 lightning scales {swift, rElec}
  1596 | D        | Found the +6 lightning scales {swift, rElec}
  1615 | D        | Found Cyetisem's Antique Armour Boutique.
  1616 | D        | Found Ata Huis's Armour Emporium.
  1616 | D        | Found Ojiumiask's Distillery.
  1617 | D        | Found Uklyzudgh's Weapon Emporium.
  1625 | D        | Bought an embroidered cloak for 172 gold pieces
  1692 | D        | Noticed a gargoyle
  1701 | D        | Reached skill level 15 in Maces & Flails
  1707 | D        | Killed a gargoyle
  1763 | D        | Noticed a lindwurm
  1768 | D        | Killed a lindwurm
  1823 | D        | Received a gift from Trog
  1824 | D        | Reached XP level 11. HP: 105/115 MP: 3/11
  1846 | D        | Received a gift from Trog
  1877 | D        | Noticed a 12-headed hydra
  1879 | D        | Killed a 12-headed hydra
  1988 | D        | Noticed a shadow dragon
  1988 | D        | Noticed a golden dragon
  2005 | D        | Killed a shadow dragon
  2006 | D        | Reached skill level 15 in Armour
  2080 | D        | Killed a golden dragon
  2081 | D        | Reached skill level 15 in Fighting
  2145 | D        | Found Sonlif's Assorted Antiques.
  2164 | D        | Bought a shiny helmet for 195 gold pieces
  2169 | D        | Bought a scroll labelled SITEXE WISUPNE for 26 gold pieces
  2169 | D        | Bought a scroll labelled ZIUGHA BOEDD for 26 gold pieces
  2169 | D        | Bought a scroll labelled YTHRYBB JODYZU for 26 gold pieces
  2169 | D        | Bought a metallic ruby potion for 23 gold pieces
  2209 | D        | Identified the +8 tower shield of the Arcane {rPois rC+}
  2209 | D        | Noticed a daeva
  2218 | D        | Received a gift from Trog
  2832 | D        | Bought a scroll of acquirement for 728 gold pieces
  2832 | D        | Acquired the amulet "Pontuaph" {Regen+ Str+3 Dex+2}
  2852 | D        | Bought a scroll of blinking for 75 gold pieces
  2852 | D        | Bought a scroll of enchant weapon for 75 gold pieces
  2852 | D        | Bought a scroll of enchant weapon for 75 gold pieces
  2853 | D        | Bought a potion of heal wounds for 60 gold pieces
  2853 | D        | Bought a scroll of blinking for 90 gold pieces
  2856 | D        | Bought a potion of haste for 120 gold pieces
  2856 | D        | Bought a potion of invisibility for 96 gold pieces
  2866 | D        | Bought a scroll of identify for 20 gold pieces
  2866 | D        | Bought a scroll of identify for 20 gold pieces
  2875 | D        | Bought a scroll of identify for 28 gold pieces
  2875 | D        | Bought a scroll of identify for 28 gold pieces
  2875 | D        | Bought a scroll of identify for 28 gold pieces
  2875 | D        | Bought a scroll of magic mapping for 105 gold pieces
  2928 | D        | Noticed a shining eye
  2928 | D        | Noticed a shining eye
  2928 | D        | Noticed a shining eye
  2928 | D        | Noticed a shining eye
  2928 | D        | Noticed a shining eye
  2928 | D        | Noticed a shining eye
  2929 | D        | Received a gift from Trog
  2930 | D        | Gained mutation: You have a pair of small horns on your
                  | head. [a shining eye]
  2931 | D        | Noticed a shining eye
  2931 | D        | Noticed a shining eye
  2931 | D        | Gained mutation: Your magical capacity is low. (-10% MP) [a
                  | shining eye]
  2931 | D        | Gained mutation: You sometimes lose your temper in combat.
                  | [a shining eye]
  2931 | D        | Killed a shining eye
  2931 | D        | Killed a shining eye
  2932 | D        | Gained mutation: You are vulnerable to heat. (rF-) [a
                  | shining eye]
  2933 | D        | Killed a shining eye
  2933 | D        | Killed a shining eye
  2933 | D        | Killed a shining eye
  2934 | D        | Reached XP level 12. HP: 130/130 MP: 3/10
  2948 | D        | Lost mutation: Your magical capacity is low. (-10% MP)
                  | [potion of mutation]
  2948 | D        | Lost mutation: You are vulnerable to heat. (rF-) [potion of
                  | mutation]
  2948 | D        | Lost mutation: You have a pair of small horns on your head.
                  | [potion of mutation]
  2948 | D        | Lost mutation: You sometimes lose your temper in combat.
                  | [potion of mutation]
  2948 | D        | Gained mutation: You expend magic power (3 MP) to
                  | strengthen your wands. [potion of mutation]
  2948 | D        | Gained mutation: You occasionally shout uncontrollably at
                  | your foes. [potion of mutation]
  2948 | D        | Gained mutation: You are clumsy. (Dex -2) [potion of
                  | mutation]
  2948 | D        | Gained mutation: You passively map a small area around you.
                  | [potion of mutation]
  2950 | D        | Found Niweux's Jewellery Shop.
  2950 | D        | Found Cydaun's Weapon Shoppe.
  2950 | D        | Found Orrac's General Store.
  2950 | D        | Found Netunk's Weapon Emporium.
  3080 | D        | Noticed a fire giant
  3084 | D        | Noticed a fire giant
  3085 | D        | Noticed a fire giant
  3085 | D        | Noticed a fire giant
  3091 | D        | Killed a fire giant
  3091 | D        | Received a gift from Trog
  3100 | D        | Killed a fire giant
  3104 | D        | Killed a fire giant
  3120 | D        | Killed a fire giant
  3120 | D        | Received a gift from Trog
  3145 | D        | Found the +4 dragonskin cloak
  3145 | D        | Noticed Tiamat
  3247 | D        | Noticed a deep elf annihilator
  3336 | D        | Killed a deep elf annihilator
  3341 | D        | Received a gift from Trog
  3522 | D        | Bought a ring of flight for 210 gold pieces
  3599 | D        | Noticed a mummy priest
  3668 | D        | Killed a mummy priest
  3723 | D        | Noticed the 27-headed Lernaean hydra
  3746 | D        | Killed the 27-headed Lernaean hydra
  3747 | D        | Reached skill level 5 in Evocations
  3818 | D        | Identified the ring "Itoydaet" {*Corrode Fly EV+4 Int+4}
  3818 | D        | Noticed a deep elf master archer
  3838 | D        | Killed a deep elf master archer
  3839 | D        | Reached XP level 13. HP: 13/143 MP: 11/13
  4107 | D        | Identified the ring "Foxzim" {rElec rF- EV+4 Int+2}
  4191 | D        | Identified the +5 rapier of Beock {spect, rPois}
  4192 | D        | Identified the +2 helmet of Tenacity {-Tele rF++ Dex+4}
  4217 | D        | Identified the +1 chain mail "Dabam" {Fly Int+2}
  4512 | D        | Killed a lorocyproca
  4828 | D        | Got the Orb of Zot
  4895 | D        | Escaped with the Orb!

Illustrated notes

Levels and vault maps discovered:
D:        dungeon_sprint_1 [red_sonja_temple_1, red_sonja_temple_small_1]

Skill      XL: |  1  2  3  4  5  6  7  8  9 10 11 12 13 |
---------------+----------------------------------------+-----
Fighting       | 4 5 7 8 10 11 12 13 15 17 18 | 18.0
Maces & Flails | 4 6 7 8 9 11 12 13 15 17 19 | 19.4
Armour         | 3 4 5 6 7 8 10 13 16 19 | 19.1
Dodging        | 2 3 4 5 6 7 8 |  8.2
Stealth        | 1 2 3 |  3.9
Evocations     | 1 2 3 5 6 |  6.1
Throwing       | 1 |  1.7

Action                   |  1- 3 |  4- 6 |  7- 9 | 10-12 | 13-15 || total
-------------------------+-------+-------+-------+-------+-------++-------
Melee: Mace              |     4 |    22 |    47 |    41 |       ||   114
       Tailslap          |     1 |     1 |     7 |    49 |     1 ||    59
       Dire flail        |       |       |       |   183 |       ||   183
       Great mace        |       |       |       |    35 |     6 ||    41
Throw: Dart              |       |       |     2 |       |       ||     2
Invok: Berserk           |     2 |     2 |     4 |    10 |       ||    18
       Brothers in Arms  |       |       |       |     5 |       ||     5
Evoke: Wand              |       |       |     3 |    14 |       ||    17
  Use: Scroll            |       |       |     1 |    10 |     5 ||    16
       Potion            |       |       |     1 |     3 |       ||     4
Armor: Animal skin       |       |     2 |       |       |       ||     2
       Chain mail        |       |       |    20 |   127 |     2 ||   149
       Plate armour      |       |       |       |       |    14 ||    14
Dodge: Dodged            |       |     4 |    24 |    88 |       ||   116

Table legend: (Time is in decaauts)
 A = Elapsed time spent in this place.
 B = Non-inter-level travel time spent in this place.
 C = Inter-level travel time spent in this place.
 D = Time resting spent in this place.
 E = Time spent auto-exploring this place.
 F = Levels seen in this place.
 G = Mean time per level.
                   A        B        C        D        E       F      G
               +--------+--------+--------+--------+--------+-----+--------+
         Total |   4763 |   4718 |     45 |   2368 |      1 |   1 | 4763.0 |
       Dungeon |   4763 |   4718 |     45 |   2368 |      1 |   1 | 4763.0 |
               +--------+--------+--------+--------+--------+-----+--------+

Top non-repeatable levels by time:
       D: 4763 daAuts
